[Event "Titled Tuesday Blitz August 08 Late 2023"]
[White "Sjugirov, Sanan"]
[Black "Kuzmicz, Krystian"]
[WhiteFideId "4189302"]
[BlackFideId "1119125"]
[WhiteElo "2955"]
[BlackElo "2759"]
[Result "1/2-1/2"]
[Round "6"]
[TimeControl "180+1"]
[Date "2023.08.08"]
[WhiteClock "0:00:03"]
[BlackClock "0:00:16"]
[Board "14"]

1. e4 c5 2. Nf3 e6 3. d4 cxd4 4. Nxd4 Nf6 5. Nc3 Nc6 6. Ndb5 Bc5 7. Nd6+ Ke7 8. Bf4 e5 9. Nf5+ Kf8 10. Bg5 d6 11. Bc4 h6 12. Bxf6 Qxf6 13. Nd5 Qg6 14. Ng3 h5 15. h4 Bg4 16. Qd3 a6 17. c3 Rd8 18. Ne3 Be6 19. b4 Bxe3 20. Bxe6 Bxf2+ 21. Kxf2 fxe6 22. Rhf1 Ke7 23. Kg1 Rhf8 24. Rxf8 Rxf8 25. Rd1 Rd8 26. Qf3 Rh8 27. Qd3 Rd8 28. Qf3 Rh8 29. Rf1 Qf6 30. Qe3 Qxh4 31. Qb6 Rd8 32. Qxb7+ Rd7 33. Qxc6 Qxg3 34. Qc8 Rd8 35. Qc7+ Rd7 36. Qb8 Rd8 37. Qa7+ Rd7 38. Qxa6 Qe3+ 39. Kh1 Qxe4 40. Qc8 Rd8 41. Qc7+ Rd7 42. Qb8 Rd8 43. Qa7+ Rd7 44. Qf2 Kd8 45. Qf8+ Kc7 46. Qe8 h4 47. Qf8 h3 48. Qf2 hxg2+ 49. Qxg2 Qxg2+ 50. Kxg2 Kb6 51. a4 Rc7 52. Rf3 e4 53. Rg3 d5 54. Kf2 e5 55. Rg6+ Kb7 56. Rd6 Rxc3 57. Rxd5 Rc4 58. Rb5+ Ka6 59. Ke3 g5 60. Rb8 g4 61. a5 g3 62. Rb6+ Ka7 63. b5 Ra4 64. Ra6+ Kb7 65. Rb6+ Ka7 66. Ra6+ Kb7 67. Rb6+ Ka7 1/2-1/2


[Site "https://www.chess.com"]

[Event "Titled Tuesday Blitz August 08 Late 2023"]
[White "Lamaze, Simon"]
[Black "Nguyen, Ngoc Truong Son"]
[WhiteFideId "36069264"]
[BlackFideId "12401110"]
[WhiteElo "2758"]
[BlackElo "2945"]
[Result "0-1"]
[Round "6"]
[TimeControl "180+1"]
[Date "2023.08.08"]
[WhiteClock "0:00:41"]
[BlackClock "0:00:23"]
[Board "15"]

1. c4 g6 2. Nf3 Bg7 3. d4 c5 4. dxc5 Qa5+ 5. Bd2 Qxc5 6. Bc3 Nf6 7. e4 O-O 8. Nbd2 Ng4 9. Qe2 Bxc3 10. bxc3 d6 11. h3 Ne5 12. Nxe5 Qxe5 13. Qe3 Na6 14. Be2 f5 15. f4 Qc5 16. Qxc5 Nxc5 17. exf5 Bxf5 18. g3 e5 19. O-O Bxh3 20. Rf2 exf4 21. gxf4 Rae8 22. Bf3 Nd3 23. Bd5+ Kg7 24. Rh2 Nxf4 25. Bxb7 Re3 26. Ne4 Ne2+ 27. Kh1 Ng3+ 28. Nxg3 Rxg3 29. Rc1 h5 30. Rd2 Rf4 31. Kh2 Re3 32. Rxd6 Bf5 33. Rd4 Rf2+ 34. Kg1 Rxa2 35. c5 Rg3+ 36. Kh1 Rb2 37. c6 Rh3+ 38. Kg1 Rg3+ 39. Kh1 Bh3 40. Rg1 Rxc3 41. Ba8 Bf5 42. Re1 Bg4 43. Rf4 Rh3+ 44. Kg1 Rg3+ 45. Kh1 Bf3+ 46. Rxf3 Rxf3 47. c7 Rc3 48. Re7+ Kh6 0-1


[Site "https://www.chess.com"]

[Event "Titled Tuesday Blitz August 08 Late 2023"]
[White "Kovalev, Vladislav"]
[Black "Nazari, Arad"]
[WhiteFideId "13504398"]
[BlackFideId "12577324"]
[WhiteElo "2899"]
[BlackElo "2757"]
[Result "0-1"]
[Round "6"]
[TimeControl "180+1"]
[Date "2023.08.08"]
[WhiteClock "0:00:06"]
[BlackClock "0:00:04"]
[Board "16"]

1. e4 e6 2. d4 d5 3. Bd3 dxe4 4. Bxe4 Nf6 5. Bf3 c5 6. Ne2 Be7 7. Nbc3 O-O 8. Be3 Qc7 9. Qd2 Rd8 10. O-O-O Nc6 11. Kb1 cxd4 12. Nxd4 Nxd4 13. Bxd4 e5 14. Bxe5 Qxe5 15. Qxd8+ Bxd8 16. Rxd8+ Ne8 17. Rhd1 Rb8 18. R1d5 Qe1+ 19. Rd1 Qe7 20. Nb5 Kf8 21. Nxa7 Qc7 22. Nb5 Qa5 23. a4 Ke7 24. R8d5 Be6 25. R5d4 Nc7 26. b4 Qb6 27. c4 Nxb5 28. axb5 Qa7 29. R1d2 Ra8 30. Kc2 Qa2+ 31. Kd3 Qb3+ 32. Ke4 Ra2 33. Rxa2 Qxa2 34. c5 Qb1+ 35. Ke3 Qb3+ 36. Kd2 Qb2+ 37. Ke3 Qc3+ 38. Rd3 Qxb4 39. c6 Qc5+ 40. Kd2 bxc6 41. bxc6 Bc4 42. Re3+ Kd6 43. g3 Qd4+ 44. Kc2 Qc5 45. Kd2 Kc7 46. h4 Bd5 47. Kd3 Bxf3 48. Rxf3 Qd5+ 49. Ke3 Kxc6 50. Rf4 Kd7 51. Rc4 Qxc4 0-1


[Site "https://www.chess.com"]

[Event "Titled Tuesday Blitz August 08 Late 2023"]
[White "Zhigalko, Sergei"]
[Black "Urazayev, Arystanbek"]
[WhiteFideId "13502956"]
[BlackFideId "13709810"]
[WhiteElo "2891"]
[BlackElo "2754"]
[Result "1-0"]
[Round "6"]
[TimeControl "180+1"]
[Date "2023.08.08"]
[WhiteClock "0:00:04"]
[BlackClock "0:00:00"]
[Board "17"]

1. e4 c5 2. Nf3 e6 3. c3 d5 4. e5 Nc6 5. d4 Bd7 6. Be2 Nge7 7. Na3 cxd4 8. cxd4 Nf5 9. Nc2 Be7 10. O-O O-O 11. Bd3 f6 12. Bxf5 exf5 13. Re1 Rc8 14. Bf4 fxe5 15. dxe5 Be6 16. Ncd4 Nxd4 17. Nxd4 Qd7 18. Qd2 Rc4 19. Red1 Bc5 20. Nxe6 Qxe6 21. b3 Rd4 22. Qc3 Rxf4 23. Qxc5 Rd8 24. Qxa7 Qxe5 25. Qxb7 d4 26. Rd2 Re4 27. Rf1 Re1 28. Qa6 d3 29. Qc4+ Kh8 30. Rxd3 Rxf1+ 31. Kxf1 Qa1+ 32. Ke2 Qxa2+ 33. Kf3 Qa8+ 34. Kg3 Rb8 35. h3 Qa7 36. f4 h6 37. Kh2 Qf2 38. Rf3 Qb2 39. Qf7 Qc2 40. Rg3 Rg8 41. Qe6 Qe4 42. Qxe4 fxe4 43. Re3 Rb8 44. f5 Kg8 45. Kg3 Kf7 46. Kf4 Rb4 47. g4 Kf6 48. h4 g5+ 49. fxg6 Kxg6 50. Ke5 h5 51. g5 Rb5+ 52. Kf4 Rb4 53. Ke5 Kg7 54. Kd5 Rb5+ 55. Kc4 Re5 56. b4 Kg6 57. b5 Kf5 58. b6 Kf4 59. Re1 e3 60. b7 Re8 61. Kc5 Kg4 62. Kc6 Kxh4 63. g6 Kg5 64. g7 Kf6 65. Rxe3 Rg8 66. Rf3+ Ke6 67. Rf8 1-0


[Site "https://www.chess.com"]

[Event "Titled Tuesday Blitz August 08 Late 2023"]
[White "Mekhitarian, Krikor Sevag"]
[Black "Holt, Conrad"]
[WhiteFideId "2107660"]
[BlackFideId "2034387"]
[WhiteElo "2749"]
[BlackElo "2886"]
[Result "1-0"]
[Round "6"]
[TimeControl "180+1"]
[Date "2023.08.08"]
[WhiteClock "0:00:07"]
[BlackClock "0:00:00"]
[Board "18"]

1. Nf3 d5 2. c4 dxc4 3. e3 Be6 4. Nc3 Nf6 5. Nd4 Bd5 6. Nxd5 Qxd5 7. Qa4+ Nbd7 8. Qxc4 O-O-O 9. Qxd5 Nxd5 10. a3 e5 11. Nf3 Be7 12. b4 e4 13. Nd4 Bf6 14. Bb2 Kb8 15. Rc1 Ne5 16. Be2 Nd3+ 17. Bxd3 exd3 18. Ba1 Nf4 19. Rc4 Rhe8 20. g3 Ne2 21. Nxe2 Bxa1 22. Nf4 Bb2 23. a4 f5 24. h4 Re4 25. Rxe4 fxe4 26. O-O Rd6 27. Rb1 Be5 28. Kg2 Rc6 29. b5 Rc4 30. a5 Kc8 31. Nd5 Kd7 32. a6 b6 33. Nb4 Bd6 34. Nc6 Rc2 35. Rd1 Rb2 36. Nxa7 Ke6 37. Nc6 Ra2 38. Nd4+ Kd5 39. Nf5 Kc4 40. Rb1 1-0


[Site "https://www.chess.com"]

[Event "Titled Tuesday Blitz August 08 Late 2023"]
[White "Akobian, Varuzhan"]
[Black "Perez Ponsa, Federico"]
[WhiteFideId "13300580"]
[BlackFideId "117927"]
[WhiteElo "2740"]
[BlackElo "2883"]
[Result "0-1"]
[Round "6"]
[TimeControl "180+1"]
[Date "2023.08.08"]
[WhiteClock "0:00:00"]
[BlackClock "0:00:10"]
[Board "19"]

1. d4 Nf6 2. c4 g6 3. Nc3 Bg7 4. Nf3 d6 5. Bg5 h6 6. Bf4 Nc6 7. d5 e5 8. Bd2 Ne7 9. e4 O-O 10. Bd3 Nh5 11. Qc1 Nf4 12. Bxf4 exf4 13. Qxf4 f5 14. O-O-O g5 15. Qd2 Ng6 16. exf5 Nf4 17. g4 b5 18. h4 bxc4 19. Bxc4 Rb8 20. hxg5 hxg5 21. Bb3 a5 22. Nd4 Bd7 23. Ne6 Qf6 24. Nxg7 Qxg7 25. Qd4 Rb4 26. Qxg7+ Kxg7 27. Rhe1 a4 28. Re7+ Kf6 29. Rxd7 axb3 30. a3 Rc4 31. Kb1 Re8 32. Rh1 Nd3 33. Rh6+ Ke5 34. Re6+ Rxe6 35. dxe6 Rxg4 36. Ne2 Re4 37. e7 Kf6 38. Nc1 Nc5 39. Rxc7 Re1 0-1


[Site "https://www.chess.com"]

[Event "Titled Tuesday Blitz August 08 Late 2023"]
[White "Zemlyanskii, Ivan"]
[Black "Yanchenko, Roman"]
[WhiteFideId "24249971"]
[BlackFideId "4137329"]
[WhiteElo "2883"]
[BlackElo "2740"]
[Result "1-0"]
[Round "6"]
[TimeControl "180+1"]
[Date "2023.08.08"]
[WhiteClock "0:00:16"]
[BlackClock "0:00:35"]
[Board "20"]

1. d4 d5 2. Bf4 Bf5 3. e3 e6 4. Nf3 Nf6 5. c4 Bxb1 6. Rxb1 Bb4+ 7. Ke2 Bd6 8. Bg5 O-O 9. Qc2 Nbd7 10. Ke1 c6 11. Bd3 Qa5+ 12. Ke2 h6 13. Bh4 dxc4 14. Bxc4 e5 15. Bg3 Qc7 16. Rhd1 e4 17. Nd2 Rae8 18. b4 a6 19. a4 Nb6 20. Ba2 Bxg3 21. hxg3 Qd7 22. Rdc1 Qg4+ 23. Kf1 Qh5 24. Kg1 Ng4 25. Nf1 Nd5 26. b5 axb5 27. axb5 Re6 28. bxc6 bxc6 29. Qc5 Rf6 30. Rb2 Ndxe3 31. Qxh5 g6 32. Qh4 g5 33. Nxe3 gxh4 34. Nxg4 Rd6 35. gxh4 h5 36. Ne5 Rxd4 37. Rb7 e3 38. fxe3 Rxh4 39. Nxf7 Ra4 1-0


[Site "https://www.chess.com"]

[Event "Titled Tuesday Blitz August 08 Late 2023"]
[White "Begmuratov, Alisher"]
[Black "Tahbaz, Arash"]
[WhiteFideId "14203367"]
[BlackFideId "12528846"]
[WhiteElo "2675"]
[BlackElo "2880"]
[Result "1-0"]
[Round "6"]
[TimeControl "180+1"]
[Date "2023.08.08"]
[WhiteClock "0:00:17"]
[BlackClock "0:00:02"]
[Board "21"]

1. e4 g6 2. d4 Bg7 3. Nc3 d6 4. Nf3 Nf6 5. Bc4 O-O 6. O-O Nxe4 7. Nxe4 d5 8. Bd3 dxe4 9. Bxe4 Nd7 10. Re1 c5 11. Be3 Nf6 12. Bd3 Nd5 13. c3 Nxe3 14. fxe3 Qc7 15. Qe2 b6 16. Ba6 Bxa6 17. Qxa6 e5 18. dxe5 Bxe5 19. Rad1 Rae8 20. Qc4 Re7 21. e4 Rfe8 22. a4 Bg7 23. g3 h6 24. Kg2 Kh7 25. h4 Qc6 26. Rd5 Qe6 27. Qd3 Qg4 28. Nh2 Qe6 29. Nf3 Kg8 30. e5 Qc6 31. Qe4 Rd7 32. Rxd7 Qxd7 33. Qc4 Qc6 34. Kf2 Qd7 35. g4 Rd8 36. e6 fxe6 37. Rxe6 Qf7 38. Qe4 Rd2+ 39. Kg3 Rxb2 40. g5 hxg5 41. hxg5 Qc7+ 42. Kh3 Qd7 43. Kg3 Qc7+ 44. Kh4 Qd7 45. Qxg6 Kf8 46. Rd6 Qe8 47. Qf5+ Kg8 48. Re6 Qf7 49. Qe4 Rf2 50. Qa8+ Bf8 51. Rf6 Qe7 52. Kg3 Re2 53. Qd5+ Kg7 54. Qf5 Qe8 55. Rh6 Kg8 56. Qh7# 1-0


[Site "https://www.chess.com"]

[Event "Titled Tuesday Blitz August 08 Late 2023"]
[White "Tsvetkov, Andrey"]
[Black "Rustemov, Alexander"]
[WhiteFideId "34139360"]
[BlackFideId "4119002"]
[WhiteElo "2659"]
[BlackElo "2851"]
[Result "0-1"]
[Round "6"]
[TimeControl "180+1"]
[Date "2023.08.08"]
[WhiteClock "0:00:05"]
[BlackClock "0:00:13"]
[Board "22"]

1. d4 g6 2. e4 Bg7 3. Nc3 d6 4. Be3 a6 5. h4 h6 6. Qd2 b5 7. a3 Bb7 8. Bd3 Nd7 9. a4 b4 10. Nd5 Ngf6 11. Nxf6+ Nxf6 12. f3 a5 13. Ne2 h5 14. O-O-O O-O 15. Nf4 e5 16. Ne2 Qe8 17. b3 exd4 18. Nxd4 Qe5 19. f4 Qe7 20. e5 dxe5 21. fxe5 Qxe5 22. Rhe1 Nd5 23. Bf2 Qf6 24. Rf1 c5 25. Bg1 Qxh4 26. Nf3 Qe7 27. Rde1 Qc7 28. Bh2 Qd8 29. Ne5 Nc3 30. Nxf7 Rxf7 31. Rxf7 Kxf7 32. Qf2+ Kg8 33. Bxg6 Qf6 34. Qxf6 Bxf6 35. Bd3 Bd5 36. Bd6 Rc8 37. Bf5 Rc6 38. Bf4 c4 39. Bh6 Kf7 40. bxc4 Rxc4 41. Bd7 Na2+ 42. Kb1 Nc3+ 43. Kc1 Re4 44. Rf1 Kg6 45. Bf5+ Kxh6 46. Bxe4 Bg5+ 47. Kb2 Nxa4+ 48. Ka1 Bxe4 49. c3 bxc3 50. g4 c2 51. gxh5 c1=Q+ 52. Rxc1 Bxc1 53. Ka2 Bd5+ 54. Kb1 Be3 55. Kc2 Bc4 56. Kd1 Kxh5 57. Ke1 Kg4 0-1


[Site "https://www.chess.com"]

[Event "Titled Tuesday Blitz August 08 Late 2023"]
[White "Donchenko, Alexander"]
[Black "Richter, Nils"]
[WhiteFideId "24603295"]
[BlackFideId "12990809"]
[WhiteElo "2842"]
[BlackElo "2656"]
[Result "0-1"]
[Round "6"]
[TimeControl "180+1"]
[Date "2023.08.08"]
[WhiteClock "0:00:00"]
[BlackClock "0:00:04"]
[Board "23"]

1. c4 g6 2. g3 Bg7 3. Bg2 d6 4. Nc3 e5 5. d3 Nc6 6. e3 f5 7. Nge2 Nf6 8. Rb1 O-O 9. b4 Ne7 10. b5 Rb8 11. O-O g5 12. a4 Ng6 13. f4 exf4 14. exf4 g4 15. Bb2 h5 16. Re1 h4 17. Nd4 Nh5 18. Nce2 Kh7 19. Qd2 Re8 20. Nb3 Qd7 21. d4 Qf7 22. Qd3 Be6 23. d5 Bd7 24. Bxg7 Nxg7 25. Nbd4 Re7 26. Nc3 Rbe8 27. Kf2 Qf6 28. Rxe7 Rxe7 29. Re1 h3 30. Rxe7 Qxe7 31. Bf1 Kg8 32. Qe3 Qxe3+ 33. Kxe3 Ne7 34. a5 Kf7 35. Bd3 Kf6 36. Kd2 Ne8 37. Nd1 Ng7 38. Ne3 Nh5 39. Nf1 Ng7 40. Kc3 Kf7 41. Kb4 b6 42. Ne3 Kf6 43. Nc6 Nc8 44. Nb8 Be8 45. Nc2 Nh5 46. Bf1 Ke7 47. Nd4 Bg6 48. Ne6 bxa5+ 49. Kxa5 Nb6 50. Kb4 Na8 51. Nc6+ Kf6 52. Nxa7 Bf7 53. Nd4 Nb6 54. Nac6 Bxd5 55. cxd5 Nxd5+ 56. Ka5 Ne3 57. Bd3 Nxg3 58. Nb8 Nh5 59. Na6 g3 60. Be2 gxh2 61. Bf3 Nxf4 62. Bh1 Nd3 0-1


[Site "https://www.chess.com"]

[Event "Titled Tuesday Blitz August 08 Late 2023"]
[White "Talibov, Shiroghlan"]
[Black "Zarubitski, Viachaslau"]
[WhiteFideId "13429078"]
[BlackFideId "13509373"]
[WhiteElo "2831"]
[BlackElo "2635"]
[Result "1-0"]
[Round "6"]
[TimeControl "180+1"]
[Date "2023.08.08"]
[WhiteClock "0:00:05"]
[BlackClock "0:00:00"]
[Board "24"]

1. e4 e5 2. Nf3 Nf6 3. d4 Nxe4 4. dxe5 d5 5. Nbd2 Nc5 6. Nb3 Nc6 7. Bf4 Ne6 8. Bg3 Be7 9. Bd3 O-O 10. O-O Re8 11. c3 Bf8 12. Re1 Nc5 13. Nxc5 Bxc5 14. h3 Ne7 15. Bh4 Qd7 16. Bxh7+ Kxh7 17. Ng5+ Kg6 18. g4 Nf5 19. Qd3 Kh6 20. e6 fxe6 21. gxf5 exf5 22. Rxe8 Qxe8 23. Qxd5 Qh5 24. Nf3 Qg6+ 25. Kh1 Bd7 26. Qxc5 Bc6 27. Qe3+ Kh7 28. Rg1 Qh5 29. Kh2 Bxf3 30. Bg5 Re8 31. Qd4 Bc6 32. Bf4 Re7 33. Be5 Qf3 34. Qh4+ Kg8 35. Bd4 Rf7 36. Qd8+ Kh7 37. Qh4+ Kg8 38. Qd8+ Kh7 39. Qg5 1-0


[Site "https://www.chess.com"]

[Event "Titled Tuesday Blitz August 08 Late 2023"]
[White "Ashraf, Artin"]
[Black "Goldin, Alexander"]
[WhiteFideId "22514805"]
[BlackFideId "2019540"]
[WhiteElo "2830"]
[BlackElo "2632"]
[Result "1-0"]
[Round "6"]
[TimeControl "180+1"]
[Date "2023.08.08"]
[WhiteClock "0:00:05"]
[BlackClock "0:00:03"]
[Board "25"]

1. e4 e5 2. Nf3 Nc6 3. Bb5 a6 4. Ba4 d6 5. O-O Bd7 6. c3 Nge7 7. d4 Ng6 8. Re1 Be7 9. d5 Nb8 10. c4 O-O 11. Nc3 f5 12. Bxd7 Qxd7 13. exf5 Qxf5 14. Ne4 Nd7 15. Rb1 a5 16. b3 Nc5 17. Qe2 b6 18. Rb2 Rf7 19. a3 Raf8 20. b4 axb4 21. axb4 Nxe4 22. Qxe4 Qxe4 23. Rxe4 Rxf3 24. gxf3 Rxf3 25. Be3 h6 26. Ra2 Bg5 27. Ra8+ Kh7 28. Ra7 Bxe3 29. Rxe3 Rf7 30. c5 bxc5 31. bxc5 Rd7 32. c6 Rf7 33. Rb3 Nf4 34. Rb5 g5 35. f3 Kg6 36. Kf2 h5 37. Ke3 Kf5 38. Ra8 g4 39. Rg8 gxf3 40. Kxf3 Ng6 41. Ke3 Nf4 42. h4 Re7 43. Rg5+ Kf6 44. Ke4 Re8 45. Rb7 Ra8 46. Rxc7 Ra4+ 47. Kf3 Nxd5 48. Rd7 e4+ 49. Ke2 Ra2+ 50. Ke1 Ke6 51. Rg6+ Ke5 52. Rgxd6 Nf4 53. c7 Rc2 54. Rd2 Rc3 55. Re7+ Kf5 56. Rd8 e3 57. c8=Q+ Rxc8 58. Rxc8 Kg4 59. Rc4 Kf3 60. Rf7 Kg3 61. Rcxf4 e2 62. Kxe2 Kg2 63. Rg7+ Kh2 64. Rf5 Kh3 65. Rxh5 Kh2 66. Rf5 Kh3 67. h5 Kh2 68. h6 Kh3 69. h7 Kh2 70. h8=Q# 1-0


[Site "https://www.chess.com"]

[Event "Titled Tuesday Blitz August 08 Late 2023"]
[White "Gurevich, Dmitry"]
[Black "Pakleza, Zbigniew"]
[WhiteFideId "2000407"]
[BlackFideId "1119290"]
[WhiteElo "2476"]
[BlackElo "2828"]
[Result "1-0"]
[Round "6"]
[TimeControl "180+1"]
[Date "2023.08.08"]
[WhiteClock "0:01:19"]
[BlackClock "0:00:31"]
[Board "26"]

1. d4 d6 2. Nf3 Bg4 3. g3 Bxf3 4. exf3 e6 5. c4 c6 6. d5 exd5 7. cxd5 c5 8. Bh3 Be7 9. O-O Nf6 10. Nc3 O-O 11. a4 Na6 12. Re1 Re8 13. f4 Nb4 14. f5 a6 15. Bg2 Nd7 16. h4 Bf6 17. Be3 Ne5 18. Bf1 Qd7 19. Ne4 Qxf5 20. Nxd6 Nf3+ 21. Kh1 Qxd5 22. Qxd5 Nxd5 23. Nxe8 Nxe1 24. Nxf6+ Nxf6 25. Rxe1 b6 26. a5 bxa5 27. Bxc5 Rb8 28. Bd4 Nd5 29. Bxa6 h5 30. Bc4 Nb4 31. Re7 Nc6 32. Rxf7 1-0


[Site "https://www.chess.com"]

[Event "Titled Tuesday Blitz August 08 Late 2023"]
[White "GaiozNigalidze"]
[Black "Grigorov, Grigor"]
[BlackFideId "2907313"]
[WhiteElo "2444"]
[BlackElo "2821"]
[Result "1/2-1/2"]
[Round "6"]
[TimeControl "180+1"]
[Date "2023.08.08"]
[WhiteClock "0:00:10"]
[BlackClock "0:00:13"]
[Board "27"]

1. c4 e6 2. Nf3 b6 3. g3 Bb7 4. Bg2 Nf6 5. O-O Be7 6. b3 O-O 7. Bb2 c5 8. d4 cxd4 9. Nxd4 Bxg2 10. Kxg2 a6 11. Nc3 Qc7 12. f3 Nc6 13. e4 Nxd4 14. Qxd4 d6 15. Rad1 Qb7 16. Ba3 Rfd8 17. Qd3 Nd7 18. Rd2 Ne5 19. Qe2 Rd7 20. Rfd1 Rad8 21. h3 g5 22. Qe3 b5 23. cxb5 axb5 24. Bb2 b4 25. Ne2 Ng6 26. Kh2 d5 27. exd5 Rxd5 28. Rxd5 Rxd5 29. Rxd5 Qxd5 30. Qd4 Qxd4 31. Bxd4 e5 32. Bb6 f5 33. Kg2 Kf7 34. Kf2 h5 35. Nc1 Ke6 36. Nd3 e4 37. fxe4 fxe4 38. Nc5+ Kd5 39. Na6 h4 40. Ba5 Ne5 41. gxh4 gxh4 42. Nc7+ Kc6 43. Ne6 Nd3+ 44. Ke3 Nc1 45. Kxe4 Nxa2 46. Nd4+ Kd7 47. Bb6 Bf6 48. Nc2 Bc3 49. Be3 Kc6 50. Bg5 Kb5 51. Bxh4 Nc1 52. Nd4+ Kc5 53. Ne6+ Kd6 54. Nf4 Nxb3 55. Nd3 Nc5+ 56. Nxc5 Kxc5 57. Kd3 Kd5 58. Bg5 Ke6 59. Bd2 Bxd2 60. Kxd2 Kf5 61. Kc2 Kg5 62. Kb3 Kh4 63. Kxb4 Kxh3 1/2-1/2


[Site "https://www.chess.com"]

[Event "Titled Tuesday Blitz August 08 Late 2023"]
[White "Matlakov, Maxim"]
[Black "Golubev, Mikhail"]
[WhiteFideId "4168003"]
[BlackFideId "14100983"]
[WhiteElo "2990"]
[BlackElo "2623"]
[Result "1-0"]
[Round "6"]
[TimeControl "180+1"]
[Date "2023.08.08"]
[WhiteClock "0:01:01"]
[BlackClock "0:00:01"]
[Board "28"]

1. Nf3 d6 2. d4 Nf6 3. Nc3 Nbd7 4. e4 e5 5. Bc4 Be7 6. O-O O-O 7. a4 a5 8. Re1 c6 9. h3 h6 10. Ba2 exd4 11. Nxd4 Ne5 12. Be3 Re8 13. f4 Ng6 14. Qf3 Bf8 15. Rad1 Qc7 16. Qg3 Kh7 17. f5 Ne5 18. Nf3 Nfd7 19. Kh1 b6 20. Bf4 Ba6 21. Qh4 Be7 22. Qh5 g6 23. Qxh6+ 1-0


[Site "https://www.chess.com"]

[Event "Titled Tuesday Blitz August 08 Late 2023"]
[White "Elsa167"]
[Black "Colbow, Collin"]
[BlackFideId "16201132"]
[WhiteElo "2896"]
[BlackElo "2622"]
[Result "1-0"]
[Round "6"]
[TimeControl "180+1"]
[Date "2023.08.08"]
[WhiteClock "0:00:14"]
[BlackClock "0:00:00"]
[Board "29"]

1. d4 Nf6 2. c4 g6 3. Nc3 Bg7 4. e4 d6 5. h3 O-O 6. Be3 Nbd7 7. Qd2 c5 8. d5 a6 9. a4 Qa5 10. Ra3 Rd8 11. Nf3 Ne5 12. Nxe5 dxe5 13. Bd3 Ne8 14. Nb1 Qc7 15. a5 Nd6 16. Nc3 f5 17. f3 Bd7 18. O-O f4 19. Bf2 g5 20. Rb1 h5 21. b4 cxb4 22. Rxb4 Rf8 23. c5 Nb5 24. Nxb5 axb5 25. Bxb5 Bxb5 26. Rxb5 g4 27. hxg4 hxg4 28. fxg4 Qd7 29. Qe2 Rf6 30. Rab3 Qc8 31. Rxb7 Rg6 32. c6 Rxg4 33. Rxe7 Rxa5 34. c7 Ra1+ 35. Be1 f3 36. Rxf3 Bf8 37. d6 Bxe7 38. dxe7 Kh7 39. Rf7+ Kh6 40. Rf1 Qxc7 41. Qxg4 Qc5+ 42. Kh2 Qxe7 43. Bd2+ Kh7 44. Rxa1 1-0


[Site "https://www.chess.com"]

[Event "Titled Tuesday Blitz August 08 Late 2023"]
[White "Pantev, Veselin"]
[Black "Henriquez Villagra, Cristobal"]
[WhiteFideId "2901390"]
[BlackFideId "3409350"]
[WhiteElo "2621"]
[BlackElo "2848"]
[Result "0-1"]
[Round "6"]
[TimeControl "180+1"]
[Date "2023.08.08"]
[WhiteClock "0:00:04"]
[BlackClock "0:00:16"]
[Board "30"]

1. d4 d6 2. Nf3 g6 3. Bf4 Bg7 4. e3 Nd7 5. h3 c5 6. c3 Ngf6 7. Be2 O-O 8. O-O b6 9. a4 Bb7 10. Na3 a6 11. Bh2 Rc8 12. Qb3 Rc7 13. Rad1 Qa8 14. c4 Ne4 15. d5 Ne5 16. Qc2 f5 17. Ne1 Nf6 18. f4 Ned7 19. Bf3 Ne4 20. g4 Ndf6 21. g5 Nh5 22. Bxe4 fxe4 23. Qxe4 Bxb2 24. Nac2 Qc8 25. Qf3 Bg7 26. Qg4 Qe8 27. e4 Qxa4 28. f5 Bc8 29. Qe2 b5 30. Ng2 Qxc4 31. Qxc4 bxc4 32. Nge3 c3 33. Kg2 Rb7 34. Rb1 Rb2 35. f6 exf6 36. Bxd6 Re8 37. gxf6 Nxf6 38. e5 Ne4 39. Bxc5 Nxc5 40. e6 Ne4 41. Kf3 Nd6 42. Na3 Bb7 43. Rbc1 Rf8+ 44. Kg4 Re8 45. Nec4 Nxc4 46. Nxc4 Rb4 47. Kg5 Rxc4 48. d6 h6+ 49. Kxg6 Rxe6+ 50. Kf5 Rxd6 0-1


[Site "https://www.chess.com"]

[Event "Titled Tuesday Blitz August 08 Late 2023"]
[White "Gasparyan, David"]
[Black "Gadimbayli, Abdulla"]
[WhiteFideId "13311980"]
[BlackFideId "13404938"]
[WhiteElo "2593"]
[BlackElo "2835"]
[Result "0-1"]
[Round "6"]
[TimeControl "180+1"]
[Date "2023.08.08"]
[WhiteClock "0:00:34"]
[BlackClock "0:02:37"]
[Board "31"]

1. e4 e5 2. Nf3 d5 3. exd5 e4 4. Ne5 Qxd5 5. d4 exd3 6. Nxd3 Nf6 7. Nc3 Qf5 8. Be2 Bd6 9. Be3 O-O 10. Qd2 Nc6 11. O-O-O Be6 12. h3 Rad8 13. g4 Qa5 14. Kb1 Ne4 15. Qe1 Nxc3+ 16. Qxc3 Qxa2+ 17. Kc1 Bb4 18. Qxb4 Nxb4 19. Bc5 Qa1+ 20. Kd2 Qxb2 21. Bxb4 Qxb4+ 22. Ke3 Qd4+ 23. Kd2 Bc4 24. Rhf1 c5 25. f4 Rfe8 26. Rf3 Bxd3 27. cxd3 Qb2+ 0-1


[Site "https://www.chess.com"]

[Event "Titled Tuesday Blitz August 08 Late 2023"]
[White "Bilan, Danila"]
[Black "Lysyj, Igor"]
[WhiteFideId "24161918"]
[BlackFideId "4150120"]
[WhiteElo "2591"]
[BlackElo "2823"]
[Result "0-1"]
[Round "6"]
[TimeControl "180+1"]
[Date "2023.08.08"]
[WhiteClock "0:00:02"]
[BlackClock "0:00:08"]
[Board "32"]

1. d4 d5 2. Nf3 Nf6 3. c4 e6 4. Nc3 Be7 5. Bf4 dxc4 6. e3 a6 7. Bxc4 b5 8. Be2 Nbd7 9. a3 O-O 10. Ne5 Nxe5 11. Bxe5 Bb7 12. Bf3 Bxf3 13. Qxf3 Nd7 14. Bg3 c5 15. d5 b4 16. axb4 cxb4 17. Na4 exd5 18. Qxd5 Nf6 19. Qxd8 Raxd8 20. Ke2 Bd6 21. Bxd6 Rxd6 22. Rhd1 Rxd1 23. Rxd1 Rc8 24. Rd6 h5 25. f3 Rc2+ 26. Rd2 Rc6 27. e4 h4 28. Ke3 Kf8 29. Kd3 Ke7 30. Rc2 Rxc2 31. Kxc2 Kd6 32. Kd3 Nh5 33. Ke3 g5 34. b3 a5 35. Nb2 Kc5 36. Nd3+ Kb5 37. Nb2 Nf4 38. g3 hxg3 39. hxg3 Ne6 40. Nd1 Nc5 41. f4 gxf4+ 42. gxf4 Nxb3 43. e5 Nc5 44. Kd4 a4 45. f5 a3 46. Ne3 a2 47. Nc2 b3 48. Na1 b2 0-1


[Site "https://www.chess.com"]

[Event "Titled Tuesday Blitz August 08 Late 2023"]
[White "Haydon, David L"]
[Black "Moral Garcia, Serafin"]
[WhiteFideId "415405"]
[BlackFideId "2201925"]
[WhiteElo "2775"]
[BlackElo "2579"]
[Result "1-0"]
[Round "6"]
[TimeControl "180+1"]
[Date "2023.08.08"]
[WhiteClock "0:00:19"]
[BlackClock "0:00:08"]
[Board "33"]

1. d4 Nf6 2. Nc3 c5 3. e3 g6 4. Nf3 Bg7 5. Be2 b6 6. d5 d6 7. O-O a6 8. a4 e6 9. dxe6 fxe6 10. e4 d5 11. exd5 exd5 12. Bg5 Bb7 13. Re1 O-O 14. Bf1 d4 15. Bc4+ Kh8 16. Ne4 Nc6 17. Qd2 Qd7 18. Ng3 Rae8 19. Bh6 Bxh6 20. Qxh6 Nd5 21. Bxd5 Qxd5 22. Ng5 Qd7 23. Rxe8 Rxe8 24. N3e4 Qg7 25. Qh4 Ne5 26. Nd6 Re7 27. Nxb7 Rxb7 28. Ne6 Qe7 29. Qe4 Nf7 30. Re1 Rb8 31. Qf4 Re8 32. Re4 Kg8 33. h4 Nd8 34. Ng5 Qd7 35. Qb8 Rxe4 36. Nxe4 Kg7 37. Qxb6 Ne6 38. Nxc5 Nxc5 39. Qxc5 Qxa4 40. b3 Qa1+ 41. Kh2 Qd1 42. Qe5+ Kh6 43. Qe4 Kg7 44. Qe5+ Kh6 45. Qf6 Qxc2 46. g4 d3 47. Qf8# 1-0


[Site "https://www.chess.com"]

[Event "Titled Tuesday Blitz August 08 Late 2023"]
[White "Filipets, Egor"]
[Black "Klukin, Kirill"]
[WhiteFideId "13503928"]
[BlackFideId "24199273"]
[WhiteElo "2547"]
[BlackElo "2759"]
[Result "0-1"]
[Round "6"]
[TimeControl "180+1"]
[Date "2023.08.08"]
[WhiteClock "0:00:09"]
[BlackClock "0:00:47"]
[Board "34"]

1. c4 Nf6 2. g3 g6 3. Bg2 Bg7 4. Nf3 O-O 5. O-O c6 6. d4 d6 7. Nc3 Bf5 8. Nh4 Be6 9. d5 cxd5 10. cxd5 Bd7 11. e4 Na6 12. Be3 Qa5 13. a3 Rfc8 14. Bd4 Ng4 15. b4 Qd8 16. Rc1 Ne5 17. f4 Nc4 18. Bxg7 Kxg7 19. Qd4+ f6 20. b5 Nb8 21. a4 Qb6 22. Rfd1 Nb2 23. Rd2 Nxa4 24. Qxb6 axb6 25. Ra2 Nxc3 26. Rxa8 Ne2+ 27. Kf2 Nxc1 28. Bf1 Nb3 29. Nf3 Nc5 30. Nd4 Nxe4+ 31. Ke3 Nc5 32. Bc4 Kf7 33. h4 Ke8 34. h5 gxh5 35. f5 Kd8 36. Ne6+ Nxe6 37. fxe6 Rxc4 38. exd7 Kxd7 39. Rxb8 Rg4 40. Rxb7+ Kd8 41. Rxb6 Rxg3+ 42. Kf4 Rg5 43. Ke4 h4 44. Rb8+ Kc7 45. Rh8 Rh5 46. Re8 h3 47. Rxe7+ Kb6 48. Rxh7 Rxh7 0-1


[Site "https://www.chess.com"]